Map: Galactic Process LE

Players

Punisher

  • Race: Protoss Protoss
  • League: Platinum

Tenonee - Winner!

  • Race: Zerg Zerg
  • League: Diamond

VOD

Have the link to the VOD?

Description

Time

  • Played on: July 30, 2016, 10:08 a.m.
  • Length: 13:42
Show
View Real Time Build Order
Export as new Build Order

Punisher Protoss 

Build Orders: Nexus First 

Get SALT Encoding   

  12  0:01  Probe (Chrono Boost)  
  13  0:11  Probe (Chrono Boost)  
  14  0:21  Pylon  
  14  0:22  Probe (Chrono Boost)  
  15  0:40  Probe (Chrono Boost)  
  16  0:50  Probe (Chrono Boost)  
  17  1:02  Nexus  
  17  1:04  Probe (Chrono Boost)  
  18  1:17  Gateway  
  18  1:25  Gateway  
  18  1:30  Probe (Chrono Boost)  
  19  1:35  Assimilator  
  19  1:40  Assimilator  
  19  1:41  Probe (Chrono Boost)  
  20  1:56  Pylon  
  20  1:57  Probe (Chrono Boost)  
  21  2:04  Cybernetics Core  
  21  2:06  Zealot  
  23  2:14  Probe (Chrono Boost)  
  24  2:27  Probe (Chrono Boost)  
  25  2:38  Warp Gate  
  25  2:40  Adept  
  25  2:41  Twilight Council  
  25  2:43  Adept  
  27  2:50  Probe (Chrono Boost)  
  32  2:59  Mothership Core (Chrono Boost)  
  32  3:08  Resonating Glaives  
  32  3:09  Probe (Chrono Boost)  
  32  3:23  Probe (Chrono Boost)  
  32  3:24  Pylon  
  34  3:27  Probe (Chrono Boost)  
  34  3:28  Adept  
  37  3:35  Probe (Chrono Boost)  
  37  3:41  Adept  
  37  3:42  Gateway  
  39  3:52  Probe (Chrono Boost)  
  39  3:54  Probe (Chrono Boost)  
  41  3:56  Adept  
  43  4:03  Probe (Chrono Boost)  
  43  4:06  Gateway  
  43  4:09  Adept  
  44  4:16  Probe (Chrono Boost)  
  47  4:19  Pylon  
  47  4:29  Probe (Chrono Boost)  
  49  4:32  Probe (Chrono Boost)  
  49  4:41  Probe (Chrono Boost)  
  49  4:42  Assimilator  
  49  4:44  Gateway  
  50  4:47  Adept x2  
  50  4:48  Adept  
  56  5:02  Probe (Chrono Boost)  
  57  5:07  Pylon  
  57  5:08  Adept x2  
  61  5:18  Probe (Chrono Boost)  
  62  5:23  Pylon  
  62  5:31  Probe (Chrono Boost)  
  62  5:35  Probe (Chrono Boost), Nexus  
  64  5:39  Assimilator  
  64  5:44  Stargate  
  64  5:47  Stargate  
  64  6:12  Adept  
  64  6:13  Adept x3  
  72  6:23  Probe (Chrono Boost)  
  72  6:24  Probe (Chrono Boost)  
  70  6:34  Probe (Chrono Boost)  
  70  6:36  Probe (Chrono Boost)  
  70  6:43  Void Ray x2  
  70  6:45  Probe (Chrono Boost)  
  71  6:53  Probe (Chrono Boost)  
  80  6:55  Adept, Stalker  
  80  6:56  Adept, Stalker x2  
  91  7:09  Probe (Chrono Boost)  
  91  7:12  Probe (Chrono Boost)  
  91  7:13  Probe (Chrono Boost)  
  93  7:31  Pylon  
  93  7:33  Pylon  
  93  7:43  Void Ray  
  93  7:45  Void Ray  
  93  7:50  Probe (Chrono Boost)  
  100  7:51  Probe x2 (Chrono Boost)  
  100  7:52  Pylon  
  100  7:54  Pylon  
  100  7:56  Pylon  
  104  8:01  Robotics Facility  
  104  8:03  Probe (Chrono Boost)  
  95  8:22  Probe (Chrono Boost), Stalker x2, Charge  
  95  8:23  Zealot x2  
  105  8:27  Probe (Chrono Boost)  
  105  8:28  Probe (Chrono Boost)  
  105  8:31  Forge  
  105  8:32  Forge  
  107  8:35  Probe (Chrono Boost)  
  107  8:43  Stalker x3  
  107  8:46  Warp Prism  
  113  8:49  Protoss Ground Weapons Level 1  
  113  8:53  Adept x2  
  119  8:58  Probe (Chrono Boost)  
  119  9:01  Protoss Ground Armor Level 1  
  121  9:04  Probe (Chrono Boost)  
  121  9:08  Probe (Chrono Boost)  
  121  9:09  Assimilator  
  123  9:10  Probe (Chrono Boost)  
  123  9:11  Pylon  
  123  9:16  Probe (Chrono Boost)  
  124  9:21  Assimilator  
  124  9:23  Adept x3, Stalker  
  132  9:27  Phoenix x2  
  136  9:37  Observer  
  137  9:48  Adept x2  
  139  10:00  Stalker  
  141  10:10  Pylon  
  141  10:12  Pylon  
  141  10:15  Pylon  
  141  10:17  Pylon  
  141  10:28  Immortal  
  146  10:30  Probe (Chrono Boost)  
  146  10:55  Void Ray x2, Protoss Ground Armor Level 2  
  146  10:56  Probe (Chrono Boost)  
  146  10:57  Probe (Chrono Boost)  
  148  11:03  Protoss Ground Weapons Level 2  
  156  11:06  Stalker x3  
  156  11:07  Stalker  
  166  11:11  Probe x2 (Chrono Boost)  
  166  11:18  Pylon  
  166  11:19  Pylon  
  166  11:22  Templar Archives  
  166  11:24  Gateway  
  166  11:26  Adept  
  166  11:31  Adept  
  171  11:49  Probe x3 (Chrono Boost)  
  173  11:56  Void Ray  
  173  12:01  Probe (Chrono Boost), Void Ray, Immortal  
  174  12:03  Nexus  
  174  12:06  Pylon  
  186  12:08  Pylon  
  186  12:11  Pylon  
  186  12:13  High Templar  
  186  12:15  Pylon  
  188  12:20  Photon Cannon  
  188  12:23  Pylon  
  188  12:24  Pylon  
  185  12:37  Observer  
  163  13:09  Zealot x4  
  163  13:10  Zealot  
Show
View Real Time Build Order
Export as new Build Order

Tenonee Zerg - Winner!

Build Orders: Hatch First 

Get SALT Encoding   

  12  0:01  Drone  
  13  0:14  Overlord  
  13  0:25  Drone  
  14  0:33  Drone x2  
  16  0:45  Drone  
  16  0:48  Drone  
  18  0:59  Hatchery  
  18  1:04  Drone  
  18  1:09  Extractor  
  17  1:25  Spawning Pool  
  16  1:30  Drone x3  
  19  1:42  Overlord  
  19  1:58  Drone  
  20  2:09  Drone  
  20  2:13  Queen  
  20  2:14  Queen  
  20  2:15  Metabolic Boost  
  25  2:25  Zergling x2  
  25  2:26  Zergling x2  
  27  2:38  Drone x2  
  27  2:39  Drone x2  
  31  2:56  Pneumatized Carapace  
  31  2:57  Queen  
  33  3:07  Drone  
  33  3:08  Overlord  
  34  3:25  Hatchery  
  34  3:27  Drone x3  
  34  3:29  Drone x2  
  38  3:38  Queen  
  40  3:51  Overlord x2  
  40  3:58  Roach Warren  
  39  4:18  Queen  
  39  4:21  Drone x6  
  39  4:22  Drone x5  
  52  4:27  Extractor  
  52  4:31  Extractor, Overlord  
  50  4:32  Extractor  
  50  4:35  Lair  
  49  4:50  Drone  
  50  4:55  Evolution Chamber  
  50  4:57  Evolution Chamber  
  48  5:16  Drone x2  
  48  5:17  Drone x13  
  62  5:31  Zerg Ground Armor Level 1, Zerg Missile Weapons Level 1  
  62  5:34  Roach  
  64  5:36  Overlord x2  
  64  5:57  Roach x8  
  78  6:10  Roach x4  
  78  6:15  Queen  
  80  6:23  Roach x2  
  80  6:24  Roach  
  76  6:35  Roach x2  
  76  6:36  Roach  
  76  6:46  Roach x2  
  80  6:59  Queen  
  82  7:13  Overlord x2  
  82  7:24  Hydralisk Den  
  81  7:30  Queen  
  81  7:31  Roach  
  81  7:36  Ravager x3  
  88  7:38  Roach  
  88  7:39  Roach x4  
  88  7:41  Overlord x2  
  88  7:42  Overlord  
  98  7:53  Zerg Missile Weapons Level 2, Zerg Ground Armor Level 2  
  98  8:00  Extractor x2  
  94  8:20  Queen  
  96  8:33  Drone x2  
  96  8:34  Drone x6  
  101  8:35  Drone  
  101  8:39  Muscular Augments, Hydralisk x4  
  101  8:40  Hydralisk  
  115  8:52  Queen  
  115  8:55  Overlord x3  
  118  9:24  Drone x4, Infestation Pit  
  118  9:25  Drone x2  
  118  9:27  Hydralisk x4, Roach  
  118  9:28  Roach x3  
  138  9:47  Roach x4  
  138  9:52  Overlord x3  
  146  9:57  Overseer x2  
  145  10:06  Spore Crawler  
  144  10:09  Spore Crawler  
  143  10:20  Overlord x2  
  143  10:26  Hive  
  143  10:29  Hydralisk x4, Roach x2  
  143  10:30  Roach x2  
  159  10:36  Queen  
  161  11:06  Hydralisk x3  
  161  11:07  Hydralisk x5  
  177  11:13  Zergling x2  
  177  11:15  Queen  
  180  11:20  Hatchery  
  179  11:46  Roach x2  
  185  11:47  Roach  
  185  11:49  Overlord x3  
  185  11:50  Overlord  
  185  12:02  Overlord x4  
  185  12:09  Spire  
  184  12:26  Drone x7  
  184  12:27  Drone  
  156  13:13  Hydralisk x2  
  156  13:14  Hydralisk x5, Roach x4  
  156  13:15  Roach x4  
Tags
 
Add a new tag
Caveats
  • Supply blocks, unpowered buildings, or Contaminate may cause inaccurate times.
  • Supply counts are checked every 10 seconds.